 Dungeon Sprint DCSS version 0.28.0-1-gb440e238dd (webtiles) character file.

Game seed: 8249040991513689394

2799 boopmooplesden the Fencer (level 9, -17/97 HPs)
             Began as a Minotaur Berserker on Feb 26, 2022.
             Was a High Priest of Trog.
             Demolished by a boulder beetle (39 damage)
             ... in the Dungeon (Sprint II: "The Violet Keep of Menkaure").
             The game lasted 00:02:49 (1334 turns).

boopmooplesden the Fencer (Minotaur Berserker)      Turns: 1334, Time: 00:02:50

Health: -17/97     AC: 13    Str: 23      XL:     9   Next: 43%
Magic:  7/7        EV: 11    Int:  4      God:    Trog [*****.]
Gold:   711        SH:  0    Dex: 10 (11) Spells: 8/8 levels left

rFire   . . .      SeeInvis .   a - +0 falchion
rCold   . . .      Faith    .   (no shield)
rNeg    . . .      Spirit   .   k - +0 chain mail {rPois}
rPois   +          Reflect  .   j - +2 hat
rElec   .          Harm     .   (no cloak)
rCorr   .          Rampage  .   (no gloves)
Will    .....      Rage     1%  (no boots)
Stlth   .......... NoTele   +   (no amulet)
HPRegen 0.26/turn               (no ring)
MPRegen 0.10/turn               (no ring)

@: on berserk cooldown, slowed, very slow
A: horns 2, retaliatory headbutt, berserk 1, deterioration 1, dopey 1, low MP 1
a: Renounce Religion, Berserk, Trog's Hand, Brothers in Arms


You were in the Dungeon.
You worshipped Trog.
Trog was extremely pleased with you.
You visited 1 branch You collected 972 gold pieces.
You spent 261 gold pieces at shops.

Inventory:

Hand Weapons
 a - a +0 falchion (weapon)
Armour
 b - a +0 animal skin
 j - a +2 hat (worn)
 k - a +0 chain mail of poison resistance (worn)
Jewellery
 i - an amulet of guardian spirit
Scrolls
 h - a scroll of blinking
Potions
 c - a potion of curing
 d - a potion of heal wounds
 e - a potion of haste
 f - 2 potions of magic
 g - a potion of berserk rage


   Skills:
 + Level 15.5 Fighting
 + Level 16.7 Long Blades
 + Level 8.7 Armour
 + Level 9.5 Dodging
 + Level 1.9 Stealth


You had 8 spell levels left.
You didn't know any spells.
Your spell library was empty.

Dungeon Overview and Level Annotations

Branches:
Dungeon (1/1)

Altars:
Cheibriados
Dithmenos
Elyvilon
Fedhas
Gozag
Hepliaklqana
Kikubaaqudgha
Makhleb
Nemelex Xobeh
Okawaru
Qazlal
Ru
Sif Muna
Trog
Uskayaw
Vehumet
Wu Jian
Xom
Yredelemnul
Zin
The Shining One
Beogh
Jiyva
Lugonu

Shops:
D :*(=?:?!*=![[(:

Annotations:
D exclusion: oklob plant


Innate Abilities, Weirdness & Mutations

You have a pair of horns on your head.
You reflexively headbutt those who attack you in melee.
You tend to lose your temper in combat.
Your body sometimes deteriorates upon taking damage.
You are dopey. (Int -2)
Your magical capacity is low. (-10% MP)


Message History

The boulder beetle bites you but does no damage.
You hit the yaktaur.
The yaktaur is severely wounded.
You slash the yaktaur!
The yaktaur is almost dead.
You barely miss the yaktaur. Your headbutt misses the yaktaur.
The yaktaur is almost dead.
You are no longer berserk.
You are exhausted.
You feel yourself slow down.
The boulder beetle waves its antennae.
The boulder beetle barely misses you. The yaktaur barely misses you.
You hit the yaktaur but do no damage. You headbutt the yaktaur.
You kill the yaktaur!
Trog accepts your kill.
You hear a splash. x3
The boulder beetle bites you!!
You enter the shallow water.
Moving in this stuff is going to be slow.
The boulder beetle bites you!
Your body deteriorates!
You feel clumsy. The boulder beetle closely misses you.
Items here: $ ( ) †.
The boulder beetle bites you!
* * * LOW HITPOINT WARNING * * *
The boulder beetle leaps!
There is an open door, spattered with blood here.
You see here a polar bear corpse.
You hear a splash.
You close the door, pushing everything out of the way.
The boulder beetle leaps!
A boulder beetle is nearby!
You open the door.
The boulder beetle curls into a ball and begins rolling!
There is an open door, spattered with blood here.
You enter the shallow water.
Moving in this stuff is going to be slow.
Found a scroll labelled CUURPH UWKIFFI and 14 gold pieces.
The boulder beetle hits you!!!
You die... +## #.##.#### +.##. #..# ...# .^.# ## ..####..## #..# .# '###.##..# +..# .# ( .##...#..# #..# .# $!$ <.'.##'..####..##.# $$!?

.##...#...§###...##▓▓▓▓▓
'###.##§§§...≈≈)@≈≈≈≈≈≈≈
#.####≈≈.§§..≈#B########
#..#≈≈≈≈≈≈≈§.≈#.○_.....#
#.##≈≈≈≈≈§≈§.≈#._○_....#
+##≈≈≈≈≈≈≈≈≈≈≈#_._°_...#
≈≈≈≈≈≈≈§§§§≈§#._._._..#
#+++#§§≈≈≈≈§§≈#_._._._.#
. ##≈§≈###≈≈#._._._._#
#≈§#_._._._.


You could see a boulder beetle (rolling).

Vanquished Creatures
  A boulder beetle (D)
  A yaktaur (D)
  A hornet (D)
  3 polar bears (D)
  A blink frog (D)
  4 neqoxecs (D)
  Menkaure (D)
  4 necrophages (D)
  3 worms (D)
19 creatures vanquished.

Vanquished Creatures (others)
  A water moccasin (D)
1 creature vanquished.

Grand Total: 20 creatures vanquished

Notes
Turn   | Place    | Note
-------+----------+-------------------------------------------
     0 | D        | boopmooplesden the Minotaur Berserker began the quest for
                  | the Orb.
     0 | D        | Reached XP level 1. HP: 19/19 MP: 0/0
     1 | D        | Noticed a necrophage
     1 | D        | Noticed a necrophage
     1 | D        | Noticed a necrophage
     1 | D        | Noticed a necrophage
     8 | D        | Killed a necrophage
     9 | D        | Reached skill level 7 in Long Blades
     9 | D        | Reached XP level 2. HP: 34/34 MP: 1/1
     9 | D        | Reached XP level 3. HP: 39/39 MP: 2/2
     9 | D        | Reached XP level 4. HP: 47/47 MP: 3/3
    15 | D        | Killed a necrophage
    16 | D        | Reached skill level 9 in Long Blades
    16 | D        | Reached XP level 5. HP: 56/56 MP: 4/4
    21 | D        | Killed a necrophage
    21 | D        | Reached ** piety under Trog
    22 | D        | Reached skill level 10 in Long Blades
    22 | D        | Reached skill level 5 in Armour
    28 | D        | Killed a necrophage
    29 | D        | Reached skill level 10 in Fighting
    29 | D        | Reached skill level 11 in Long Blades
    29 | D        | Reached skill level 5 in Dodging
    29 | D        | Reached XP level 6. HP: 35/67 MP: 5/5
   213 | D        | Reached *** piety under Trog
   223 | D        | Noticed a boulder beetle
   223 | D        | Noticed a boulder beetle
   226 | D        | Noticed a neqoxec
   226 | D        | Noticed a neqoxec
   226 | D        | Noticed a neqoxec
   226 | D        | Noticed a neqoxec
   235 | D        | Killed a neqoxec
   236 | D        | Reached skill level 12 in Long Blades
   236 | D        | Gained mutation: Your body sometimes deteriorates upon
                  | taking damage. [a neqoxec]
   236 | D        | Gained mutation: Your magical capacity is low. (-10% MP) [a
                  | neqoxec]
   243 | D        | Killed a neqoxec
   244 | D        | Reached XP level 7. HP: 66/75 MP: 5/5
   246 | D        | Gained mutation: You are dopey. (Int -2) [a neqoxec]
   253 | D        | Killed a neqoxec
   253 | D        | Reached **** piety under Trog
   254 | D        | Reached skill level 13 in Long Blades
   256 | D        | Gained mutation: You tend to lose your temper in combat. [a
                  | neqoxec]
   261 | D        | Killed a neqoxec
   510 | D        | Found Museotos's Book Shop.
   511 | D        | Found Qoclosin's Antique Armour Boutique.
   511 | D        | Found Jylos's Distillery.
   511 | D        | Found Udetz's Magic Scroll Boutique.
   511 | D        | Found Roisa's Distillery.
   511 | D        | Found Peajoal's Jewellery Shop.
   511 | D        | Found Ageis's Magic Scroll Shop.
   511 | D        | Found Emmiriv's Jewellery Shop.
   511 | D        | Found Lutsaac's Antique Weapon Boutique.
   511 | D        | Found Viuv's Antique Armour Shop.
   511 | D        | Found Uhikiy Ahal's Book Boutique.
   512 | D        | Found Ickics's Assorted Antiques.
   513 | D        | Found Veili's Weapon Boutique.
   513 | D        | Found Beenal's General Store.
   516 | D        | Noticed a flying skull
   517 | D        | Noticed a blink frog
   521 | D        | Killed a blink frog
   522 | D        | Reached skill level 14 in Long Blades
   522 | D        | Reached XP level 8. HP: 73/86 MP: 6/6
   530 | D        | Noticed Menkaure
   530 | D        | Noticed an iron elemental
   545 | D        | Killed Menkaure
   549 | D        | Noticed an oklob plant
   550 | D        | Found Cuuffu Nosan's Book Shoppe.
   557 | D        | Bought a glowing hat for 126 gold pieces
   557 | D        | Bought a glowing chain mail for 135 gold pieces
   578 | D        | Noticed a shining eye
   579 | D        | Noticed a shining eye
   581 | D        | Noticed a shining eye
   582 | D        | Noticed a manticore
   620 | D        | Killed a boulder beetle
   620 | D        | Reached ***** piety under Trog
   621 | D        | Reached skill level 15 in Long Blades
   621 | D        | Reached skill level 1 in Stealth
   632 | D        | HP: 1/90 [boulder beetle (17)]
  1289 | D        | Found a stormy altar of Qazlal.
  1289 | D        | Found an ornate altar of the Wu Jian Council.
  1290 | D        | Found a hazy altar of Hepliaklqana.
  1290 | D        | Found a sacrificial altar of Ru.
  1290 | D        | Found a shimmering altar of Xom.
  1291 | D        | Found a viscous altar of Jiyva.
  1291 | D        | Found a shimmering blue altar of Sif Muna.
  1292 | D        | Found a snail-covered altar of Cheibriados.
  1292 | D        | Found an ancient bone altar of Kikubaaqudgha.
  1292 | D        | Found a bloodstained altar of Trog.
  1293 | D        | Found a shadowy altar of Dithmenos.
  1293 | D        | Found a corrupted altar of Lugonu.
  1294 | D        | Found a white marble altar of Elyvilon.
  1294 | D        | Found a burning altar of Makhleb.
  1295 | D        | Found a blossoming altar of Fedhas.
  1296 | D        | Found an opulent altar of Gozag.
  1296 | D        | Noticed a polar bear
  1298 | D        | Found a glowing golden altar of the Shining One.
  1298 | D        | Found a basalt altar of Yredelemnul.
  1298 | D        | Found a hide-covered altar of Uskayaw.
  1298 | D        | Found a sparkling altar of Nemelex Xobeh.
  1298 | D        | Noticed a hornet
  1298 | D        | Noticed a polar bear
  1299 | D        | Found a glowing silver altar of Zin.
  1299 | D        | Found a radiant altar of Vehumet.
  1299 | D        | Found an iron altar of Okawaru.
  1299 | D        | Noticed a yaktaur
  1299 | D        | Noticed a polar bear
  1303 | D        | Killed a polar bear
  1304 | D        | Reached XP level 9. HP: 96/96 MP: 7/7
  1313 | D        | Reached skill level 16 in Long Blades
  1316 | D        | Killed a polar bear
  1317 | D        | Reached skill level 15 in Fighting
  1321 | D        | Killed a polar bear
  1327 | D        | Killed a yaktaur
  1334 | D        | Demolished by a boulder beetle

Illustrated notes

Levels and vault maps discovered:
D:        the_violet_keep_of_menkaure [sprint2_stairs_cluster_1,
          sprint2_shoproom, sprint2_temple, sprint2_basic_supplies,
          sprint2_obstacle_1, sprint2_obstacle_6, sprint2_obstacle_5,
          sprint2_obstacle_4, sprint2_obstacle_7, sprint2_timed_cluster_1,
          sprint2_smallroom_cluster_1, sprint2_smallroom_final_cluster_1,
          sprint2_transparent_cluster_1, sprint2_second_timed_cluster_1,
          sprint2_sniper_area_1, sprint2_heavy_combat_area_1,
          sprint2_mutation_trap_area_1, sprint2_forest_area_1,
          sprint2_light_combat_area_1, sprint2_behind_water_1,
          sprint2_near_end_vault_1]

Skill      XL: |  1  2  3  4  5  6  7  8  9 |
---------------+----------------------------+-----
Fighting       | 7 8 10 11 13 14 15 | 15.5
Long Blades    | 7 9 11 12 14 15 16 | 16.7
Armour         | 3 4 5 6 7 8 |  8.7
Dodging        | 3 4 5 6 7 8 9 |  9.5
Stealth        | 1 |  1.9

Action                   |  1- 3 |  4- 6 |  7- 9 || total
-------------------------+-------+-------+-------++-------
Melee: Falchion          |     6 |    43 |    84 ||   133
       Headbutt          |     2 |     7 |    23 ||    32
       Punch             |       |     1 |     3 ||     4
Invok: Berserk           |     1 |     1 |     3 ||     5
Armor: Animal skin       |     1 |     3 |     1 ||     5
       Chain mail        |       |       |    13 ||    13
Dodge: Dodged            |     1 |    21 |    18 ||    40
